 Dungeon Sprint DCSS version 0.26-a0-244-g083ca260ac (webtiles) character file.

Game seed: 4946050814059274967

7052 MordorOrchid the Frost Mage (level 10, -6/98 HPs)
             Began as a Troll Ice Elementalist on July 8, 2020.
             Was a High Priest of Sif Muna.
             Mangled by a death yak (8 damage)
             ... while petrified by you
             ... in the Dungeon (Sprint IX: "|||||||||||||||||||||||||||||").
             The game lasted 00:15:16 (809 turns).

MordorOrchid the Frost Mage (Troll Ice Elementalist) Turns: 809, Time: 00:15:16

Health: -6/98      AC:  7    Str: 24    XL:     10   Next: 83%
Magic:  12/23      EV:  1    Int: 14    God:    Sif Muna [*****.]
Gold:   7          SH:  0    Dex: 10    Spells: 10/29 levels left

rFire    . . .     SeeInvis .   o - +2 rapier (elec)
rCold    . . .     Faith    .   (no shield)
rNeg     + + +     Spirit   .   a - +0 robe
rPois    ∞         Reflect  .   (helmet restricted)
rElec    .         Harm     .   p - +0 cloak
rCorr    .         NoTele   +   (gloves unavailable)
MR       .....                  (boots unavailable)
Stlth    +.........             (no amulet)
HPRegen  0.66/turn              q - +3 ring of strength
MPRegen  0.18/turn              r - +3 ring of strength

@: petrified, frozen ramparts, very slightly contaminated
A: large, unfitting armour, claws 3, fast metabolism 1, regeneration 1, shaggy
fur 1, tough skin 3
a: Channel Magic, Forget Spell, Divine Exegesis, Renounce Religion


You were in the Dungeon.
You worshipped Sif Muna.
Sif Muna was extremely pleased with you.
You were not hungry.

You visited 1 branch You collected 7 gold pieces.

Inventory:

Hand Weapons
 m - a +2 halberd of venom
 n - a +4 quarterstaff of speed
 o - a +2 rapier of electrocution (weapon)
Missiles
 b - 13 arrows
Armour
 a - a +0 robe (worn)
 p - a +0 cloak (worn)
Magical Staves
 l - an uncursed staff of energy
Jewellery
 q - a +3 ring of strength (left claw)
 r - a +3 ring of strength (right claw)
Wands
 k - a wand of acid (6)
Scrolls
 f - 3 scrolls of remove curse
 j - 2 scrolls of amnesia
 t - 6 scrolls of enchant armour
 u - a scroll of fear
Potions
 d - 7 potions of curing
 e - 8 potions of heal wounds
 g - 3 potions of magic
 h - a potion of berserk rage
 s - a potion of stabbing
Comestibles
 c - 2 rations


   Skills:
 * Level 5.8 Fighting
 * Level 6.5 Dodging
 - Level 1.0 Stealth
 + Level 10.2 Spellcasting
 - Level 3.0 Conjurations
 - Level 1.0 Charms
 - Level 4.0 Summonings
 * Level 2.1 Transmutations
 * Level 11.0 Ice Magic
 * Level 2.6 Earth Magic
 * Level 5.7 Invocations
 - Level 6.0 Evocations


You had 10 spell levels left.
You knew the following spells:

 Your Spells              Type           Power        Failure   Level
a - Freeze                Ice            ####         1%          1
b - Frozen Ramparts       Ice            #####.       1%          3
d - Petrify               Tmut/Erth      ##......     36%         4
r - Hailstorm             Conj/Ice       ####....     5%          4
s - Summon Ice Beast      Ice/Summ       ####....     4%          4
y - Ozocubu's Armour      Chrm/Ice       ###.....     2%          3

Your spell library contained the following spells:

 Spells                   Type           Power        Failure   Level
 Sandblast                Erth           ##....       3%          1
 Passwall                 Tmut/Erth      ##......     6%          2
 Stone Arrow              Conj/Erth      ##....       10%         3
 Summon Lightning Spire   Summ/Air       ##......     41%         4
 Lee's Rapid Deconstruct  Erth           ##........   69%         5
 Summon Mana Viper        Hex/Summ       ##......     77%         5
 Spellforged Servitor     Conj/Summ      ###.......   100%        7
 Summon Hydra             Summ           ###.......   100%        7
 Chain Lightning          Conj/Air       ##........   100%        8
 Dragon's Call            Summ           ###.......   100%        9


Dungeon Overview and Level Annotations

Branches:
Dungeon (1/1)

Altars:
Cheibriados
Dithmenos
Elyvilon
Fedhas
Gozag
Hepliaklqana
Kikubaaqudgha
Makhleb
Nemelex Xobeh
Okawaru
Qazlal
Ru
Sif Muna
Trog
Uskayaw
Vehumet
Wu Jian
Xom
Yredelemnul
Zin
The Shining One
Beogh
Jiyva
Lugonu


Innate Abilities, Weirdness & Mutations

You are too large for most types of armour.
You have claws for hands.
You have a fast metabolism.
Your natural rate of healing is unusually fast.
You are covered in fur. (AC +1)
You have extremely tough skin. (AC +3)


Message History

Sif Muna accepts your kill.
Your Spellcasting skill increases to level 10!
Your Earth Magic skill increases to level 2!
The wall freezes the death yak!
The wall freezes the death yak.
You have turned to stone.
The wall freezes the death yak.
The wall freezes the death yak!
You kill the death yak!
Sif Muna accepts your kill.
Your Transmutations skill increases to level 2!
Your Ice Magic skill increases to level 11!
The wall freezes the death yak!
The death yak gores you but does no damage.
The wall freezes the death yak!
The death yak gores you!!
* * * LOW HITPOINT WARNING * * *
The wall freezes the death yak.
The wall freezes the death yak.
The death yak gores you!
* * * LOW HITPOINT WARNING * * *
The wall freezes the death yak!
The wall freezes the death yak!
The death yak gores you!
You die...

▓▓▓▓▓▓▓▓▓▓▓▓▓▓▓▓▓▓▓▓▓▓▓▓▓▓▓▓▓▓▓▓▓
________________________'...†)'..
▓▓▓▓▓▓▓▓▓▓▓▓▓▓▓▓▓▓▓▓▓▓▓▓▓▓▓▓▓▓▓▓▓
.................................
▓▓▓▓▓▓▓▓▓▓▓▓▓▓▓▓▓▓▓▓▓▓▓▓▓▓▓▓▓▓▓▓▓
.....YY..'÷÷.†YY@..÷.......[.††..
▓▓▓▓▓▓▓▓▓▓▓▓▓▓▓▓▓▓▓▓▓▓▓▓▓▓▓▓▓▓▓▓▓


You could see 2 death yaks.

Vanquished Creatures
  A hydra (D)
  2 catoblepae (D)
  A centaur warrior (D)
  2 death yaks (D)
  An ugly thing (D)
  A black mamba (D)
  3 cane toads (D)
  A troll (D)
  A blink frog (D)
  2 yaks (D)
  3 water moccasins (D)
  3 porcupines (D)
  A phantom (D)
  A crocodile (D)
  2 big kobolds (D)
  A bullfrog (D)
  A killer bee (D)
  A hound (D)
  A jelly (D)
  A white imp (D)
  An ooze (D)
  A worm (D)
  An orc (D)
  A ball python (D)
  A bat (D)
  A frilled lizard (D)
  A giant cockroach zombie (D)
  A goblin (D)
  A kobold (D)
  A rat (D)
40 creatures vanquished.

Vanquished Creatures (collateral kills)
  A dream sheep (D)
  A water moccasin (D)
  A wolf (D)
  A bullfrog (D)
4 creatures vanquished.

Grand Total: 44 creatures vanquished

Notes
Turn   | Place    | Note
-------+----------+-------------------------------------------
     0 | D        | MordorOrchid the Troll Ice Elementalist began the quest for
                  | the Orb.
     0 | D        | Reached XP level 1. HP: 16/16 MP: 1/1
     6 | D        | Reached skill level 1 in Fighting
    41 | D        | Reached skill level 3 in Ice Magic
    41 | D        | Reached XP level 2. HP: 28/28 MP: 2/2
    66 | D        | Found a roughly hewn altar of Beogh.
    66 | D        | Found a snail-covered altar of Cheibriados.
    66 | D        | Found a shadowy altar of Dithmenos.
    66 | D        | Found a white marble altar of Elyvilon.
    66 | D        | Found a blossoming altar of Fedhas.
    66 | D        | Found an opulent altar of Gozag.
    67 | D        | Found a hazy altar of Hepliaklqana.
    68 | D        | Found a viscous altar of Jiyva.
    69 | D        | Found an ancient bone altar of Kikubaaqudgha.
    70 | D        | Found a corrupted altar of Lugonu.
    71 | D        | Found a burning altar of Makhleb.
    72 | D        | Found a sparkling altar of Nemelex Xobeh.
    73 | D        | Found an iron altar of Okawaru.
    74 | D        | Found a stormy altar of Qazlal.
    75 | D        | Found a sacrificial altar of Ru.
    76 | D        | Found a shimmering blue altar of Sif Muna.
    77 | D        | Found a bloodstained altar of Trog.
    78 | D        | Found a hide-covered altar of Uskayaw.
    79 | D        | Found a radiant altar of Vehumet.
    80 | D        | Found an ornate altar of the Wu Jian Council.
    81 | D        | Found a shimmering altar of Xom.
    82 | D        | Found a basalt altar of Yredelemnul.
    83 | D        | Found a glowing silver altar of Zin.
    84 | D        | Became a worshipper of Sif Muna the Loreminder
    85 | D        | Found a glowing golden altar of the Shining One.
   120 | D        | Noticed a troll
   120 | D        | Noticed a killer bee
   120 | D        | Noticed a big kobold
   127 | D        | Reached skill level 4 in Ice Magic
   127 | D        | Reached XP level 3. HP: 30/35 MP: 0/5
   137 | D        | Killed a big kobold
   137 | D        | Reached skill level 5 in Ice Magic
   137 | D        | Reached XP level 4. HP: 42/42 MP: 1/7
   138 | D        | Reached * piety under Sif Muna
   138 | D        | Reached skill level 6 in Ice Magic
   138 | D        | Reached XP level 5. HP: 49/49 MP: 1/9
   143 | D        | Killed a troll
   143 | D        | Reached skill level 5 in Spellcasting
   143 | D        | Reached skill level 7 in Ice Magic
   143 | D        | Reached XP level 6. HP: 57/57 MP: 2/13
   146 | D        | Reached ** piety under Sif Muna
   153 | D        | Learned a level 3 spell: Frozen Ramparts
   157 | D        | Learned a level 3 spell: Ozocubu's Armour
   162 | D        | Learned a level 4 spell: Summon Ice Beast
   167 | D        | Learned a level 4 spell: Hailstorm
   226 | D        | Noticed a purple ugly thing
   226 | D        | Noticed an eight-headed hydra
   226 | D        | Noticed a centaur warrior
   232 | D        | Killed a centaur warrior
   232 | D        | Reached skill level 1 in Charms
   232 | D        | Reached skill level 9 in Ice Magic
   232 | D        | Reached XP level 7. HP: 14/65 MP: 9/16
   233 | D        | Reached XP level 8. HP: 15/72 MP: 9/17
   284 | D        | Killed an eight-headed hydra
   284 | D        | Reached *** piety under Sif Muna
   284 | D        | Reached skill level 10 in Ice Magic
   286 | D        | Killed a purple ugly thing
   286 | D        | Reached skill level 5 in Evocations
   286 | D        | Reached XP level 9. HP: 54/79 MP: 9/20
   442 | D        | Noticed a cane toad
   442 | D        | Noticed a cane toad
   445 | D        | Reached **** piety under Sif Muna
   445 | D        | Reached skill level 1 in Conjurations
   445 | D        | Reached skill level 1 in Invocations
   453 | D        | Killed a cane toad
   460 | D        | Reached ***** piety under Sif Muna
   464 | D        | Killed a cane toad
   464 | D        | Reached skill level 5 in Dodging
   473 | D        | Received a gift from Sif Muna
   564 | D        | Noticed a black mamba
   564 | D        | Noticed a cane toad
   579 | D        | Killed a cane toad
   579 | D        | Reached XP level 10. HP: 94/94 MP: 10/22
   581 | D        | Killed a black mamba
   583 | D        | Reached skill level 5 in Fighting
   590 | D        | Identified Gicaes's Volume of Summoning and Air (Sif Muna
                  | gifted it to you in the Dungeon)
   590 | D        | Received a gift from Sif Muna
   622 | D        | Learned a level 4 spell: Petrify
   696 | D        | Noticed a death yak
   696 | D        | Noticed a death yak
   696 | D        | Noticed a death yak
   696 | D        | Noticed a catoblepas
   696 | D        | Noticed a catoblepas
   696 | D        | Noticed a death yak
   722 | D        | Killed a death yak
   722 | D        | Reached skill level 5 in Invocations
   770 | D        | Noticed a death yak
   791 | D        | Killed a catoblepas
   791 | D        | Reached skill level 1 in Transmutations
   791 | D        | Reached skill level 1 in Earth Magic
   804 | D        | Killed a catoblepas
   804 | D        | Reached skill level 10 in Spellcasting
   805 | D        | Killed a death yak
   805 | D        | Reached skill level 11 in Ice Magic
   807 | D        | HP: 4/98 [death yak (11)]
   808 | D        | HP: 1/98 [death yak (3)]
   809 | D        | Mangled by a death yak

Illustrated notes

Levels and vault maps discovered:
D:        linesprint [early_d, line_temple, items_1, d_10, items_2, lair_1,
          lair_end, items_3, orc_1, orc_end, items_4, d_15, swamp_1, shoals_1,
          snake_1, spider_1, d_20, vaults_1, items_5, swamp_end, shoals_end,
          snake_end, spider_end, vaults_end, d_27, items_6, zot_1, zot_end,
          crypt_end, forest_end, elf_end, slime_end, tomb_end, abyss_end,
          pan_hell_end]

Skill      XL: |  1  2  3  4  5  6  7  8  9 10 |
---------------+-------------------------------+-----
Fighting       | 2 4 5 |  5.8
Dodging        | 2 3 4 5 6 |  6.5
Ice Magic      | 3 4 5 6 7 9 10 11 | 11.0
Spellcasting   | 2 3 5 6 8 9 10 | 10.2
Evocations     | 2 3 4 5 6 |  6.0
Charms         | 1 |  1.0
Summonings     | 2 3 4 |  4.0
Conjurations   | 3 |  3.0
Invocations    | 4 5 |  5.7
Transmutations | 2 |  2.1
Earth Magic    | 2 |  2.6
Stealth        | |  1.0

Action                   |  1- 3 |  4- 6 |  7- 9 | 10-12 || total
-------------------------+-------+-------+-------+-------++-------
Melee: Unarmed           |    34 |       |       |       ||    34
       Rapier            |    11 |     9 |     7 |       ||    27
 Cast: Freeze            |     7 |     3 |       |       ||    10
       Frozen Ramparts   |       |     1 |    10 |     7 ||    18
       Summon Ice Beast  |       |       |     7 |     6 ||    13
       Hailstorm         |       |       |       |     5 ||     5
Invok: Channel Magic     |       |       |       |     1 ||     1
Evoke: Wand              |       |     1 |     1 |     2 ||     4
  Use: Potion            |     2 |       |     1 |     1 ||     4
       Scroll            |       |       |     1 |     2 ||     3
 Stab: Invisible         |     1 |     1 |       |       ||     2
  Eat: Ration            |       |       |       |     1 ||     1
Armor: Robe              |    16 |     2 |       |     6 ||    24
Dodge: Dodged            |    17 |    15 |     3 |     2 ||    37

Table legend:
 A = Non-vault XP
 B = Vault XP
 C = Vault XP percentage of total XP
 D = Non-vault monster count
 E = Vault monster count
 F = Vault count percentage of total count
                 A         B        C        D         E       F
            +---------+---------+-------+---------+---------+-------
      Total |       0 |   10075 | 100.0 |       0 |      44 | 100.0
            +---------+---------+-------+---------+---------+-------
          D |       0 |   10075 | 100.0 |       0 |      44 | 100.0
            +---------+---------+-------+---------+---------+-------
